 Dungeon Crawl Stone Soup version 0.28-a0-983-g1de4e0787c (console) character file.

Game seed: 473636385432775113

37677 petzl the Covert (level 13, 0/92 HPs)
             Began as an Octopode Arcane Marksman on Dec 3, 2021.
             Was a High Priest of Vehumet.
             Killed from afar by a gargoyle (23 damage)
             ... with a stone arrow
             ... on level 13 of the Dungeon on Dec 4, 2021.
             The game lasted 02:18:46 (29302 turns).

petzl the Covert (Octopode Arcane Marksman)        Turns: 29302, Time: 02:18:47

Health: 0/92       AC:  1    Str:  9    XL:     13   Next: 98%
Magic:  13/26      EV: 18    Int: 21    God:    Vehumet [*****.]
Gold:   737        SH:  0    Dex: 14    Spells: 11/31 levels left

rFire   + + .      SeeInvis +   a - +6 scimitar {speed, rF+ Will++ Int+2 Stlth+}
rCold   . . .      Faith    .   (no shield)
rNeg    + . .      Spirit   .   (helmet restricted)
rPois   .          Reflect  .   (no amulet)
rElec   .          Harm     .   r - ring of flight
rCorr   .          Rampage  .   d - ring of see invisible
Will    ++...                   f - ring of protection from fire
Stlth   +++++++...              C - +4 ring of slaying
HPRegen 0.25/turn               N - ring of positive energy
MPRegen 0.20/turn               Q - +4 ring of evasion
                                (no ring)
                                (no ring)

@: flying
A: almost no armour, amphibious, 8 rings, camouflage 1, gelatinous body 1,
(nimble swimmer 1), tentacles
a: Renounce Religion


You were on level 13 of the Dungeon.
You worshipped Vehumet.
Vehumet was extremely pleased with you.
You visited 5 branches of the dungeon, and saw 18 of its levels.
You also visited: Ossuary.

You collected 1306 gold pieces.
You spent 569 gold pieces at shops.

Inventory:

Hand Weapons
 a - the +6 scimitar of Bloodstone (weapon) {speed, rF+ Will++ Int+2 Stlth+}
   (You bought it in a shop on level 2 of the Orcish Mines)

   Attacks with this weapon are significantly faster.
   Int:       It affects your intelligence (+2).
   rF:        It protects you from fire.
   Will:      It greatly increases your willpower.
   Stlth:     It makes you more stealthy.
 b - a +2 hand crossbow
 c - a +4 rapier of protection
 s - a +1 vorpal trident
 B - a +0 hand axe of freezing {!f =f}
 I - a +2 dagger of venom {!f =f}
 L - a +2 whip of flaming
Missiles
 j - 5 throwing nets
 m - 5 curare-tipped darts {!*}
 u - 38 poisoned darts
 v - 3 javelins
 O - 93 bolts
Jewellery
 d - a ring of see invisible (right tentacle)
 f - a ring of protection from fire (on tentacle)
 r - a ring of flight (left tentacle)
 t - a ring of ice
 C - a +4 ring of slaying (on tentacle)
 M - a ring of fire
 N - a ring of positive energy (on tentacle)
 Q - a +4 ring of evasion (on tentacle)
Wands
 o - a wand of flame (39) (quivered)
 D - a wand of paralysis (5)
 P - a wand of digging (5)
Scrolls
 h - 2 scrolls of enchant armour
 q - a scroll of immolation
 w - a scroll of vulnerability
 y - 2 scrolls of fear
 E - a scroll of summoning
 G - a scroll of blinking
 H - 2 scrolls of torment
 J - 2 scrolls of fog
 K - a scroll of teleportation
Potions
 e - 5 potions of curing
 g - 2 potions of magic {unknown}
 i - 4 potions of ambrosia {unknown}
 k - a potion of might
 l - 3 potions of heal wounds
 n - 2 potions of cancellation
 p - a potion of resistance {unknown}
 x - 3 potions of brilliance {unknown}
 z - 3 potions of flight {unknown}
 A - 2 potions of lignification {unknown}
 F - 2 potions of invisibility {unknown}


   Skills:
 + Level 10.2 Fighting
 + Level 5.4 Crossbows
 - Level 4.0 Dodging
 - Level 10.8 Stealth
 + Level 9.9 Spellcasting
 * Level 10.4 Conjurations
 - Level 3.0 Hexes
 - Level 6.0 Translocations
 - Level 2.0 Transmutations
 - Level 2.0 Fire Magic
 - Level 7.0 Air Magic
 - Level 7.0 Poison Magic
 - Level 5.0 Evocations


You had 11 spell levels left.
You knew the following spells:

 Your Spells              Type           Power      Damage    Failure   Level
a - Slow                  Hex            92%        N/A       1%          1
b - Poisonous Vapours     Pois/Air       78%        N/A       1%          2
c - Shock                 Conj/Air       100%       1d9       1%          1
m - Mephitic Cloud        Conj/Pois/Air  44%        N/A       1%          3
B - Blink                 Tloc           70%        N/A       1%          2
I - Ignite Poison         Fire/Tmut/Pois 25%        N/A       1%          3
P - Passage of Golubria   Tloc           35%        N/A       5%          4
T - Olgreb's Toxic Radia  Pois           39%        N/A       1%          4

Your spell library contained the following spells:

 Spells                   Type           Power      Damage    Failure   Level
 Lee's Rapid Deconstruct  Erth           5%         3d7*      41%         5
 Magic Dart               Conj           100%       1d8       1%          1
 Sting                    Tmut/Pois      100%       1d8       1%          1
 Inner Flame              Hex/Fire       20%        N/A       1%          3
 Teleport Other           Tloc           35%        N/A       1%          3
 Hailstorm                Conj/Ice       32%        3d8       2%          4
 Portal Projectile        Hex/Tloc       58%        N/A       3%          3
 Spider Form              Tmut/Pois      29%        N/A       3%          3
 Wereblood                Tmut           18%        N/A       4%          2
 Ensorcelled Hibernation  Hex/Ice        32%        N/A       5%          2
 Summon Small Mammal      Summ           40%        N/A       7%          1
 Call Imp                 Summ           10%        N/A       10%         2
 Sublimation of Blood     Necr           10%        N/A       10%         2
 Cause Fear               Hex            11%        N/A       19%         4
 Call Canine Familiar     Summ           10%        N/A       21%         3
 Ice Form                 Ice/Tmut       14%        N/A       41%         4
 Dispersal                Tloc           17%        N/A       65%         6
 Spellforged Servitor     Conj/Summ      16%        N/A       82%         7
 Simulacrum               Ice/Necr       5%         N/A       100%        6
 Summon Hydra             Summ           5%         N/A       100%        7
 Disjunction              Tloc           17%        N/A       100%        8
 Polar Vortex             Ice            5%         N/A       100%        9


Dungeon Overview and Level Annotations

Branches:
Dungeon (13/15)            Temple (1/1) D:7            Lair (1/6) D:8
    Orc (2/2) D:11            Elf (1/3) Orc:2       Ossuary (visited)
 Vaults: D:13-14

Altars:
Ashenzari
Dithmenos
Elyvilon
Fedhas
Gozag
Hepliaklqana
Kikubaaqudgha
Nemelex Xobeh
Okawaru
Ru
Uskayaw
Vehumet
Wu Jian
Xom
Yredelemnul
Zin
The Shining One
Beogh

Shops:
D:3 *?[[(   D:8 ?   Orc:2 ([((

Annotations:
D:8 !cane toad
D:9 exclusion: downstairs
D:10 exclusions: acid dragon, boulder beetle, centaur warrior and orange crystal statue
D:11 exclusion: hydra


Innate Abilities, Weirdness & Mutations

You cannot wear most types of armour.
You are amphibious.
You can wear up to eight rings at the same time.
Your skin changes colour to match your surroundings (Stealth+).
Your rubbery body absorbs attacks. (AC +1, EV +1)
((You are camouflaged near water. (Stealth+)))
You have tentacles for arms and can constrict up to eight enemies at once.


Message History

Confirm with . or Enter, or press ? or * to list all spells.
You can't see any susceptible monsters within range! (Use Z to cast anyway.) Unknown command.
Unknown command.
Casting: Ignite Poison (safe; 1% risk of failure)
Confirm with . or Enter, or press ? or * to list all spells.
Aiming: Mephitic Cloud (safe; 1% risk of failure)
Press: ? - help, Shift-Dir - straight line The ball explodes into a vile cloud!
The gargoyle hurls a stone arrow at you.
The stone arrow misses you.
Casting: Mephitic Cloud (safe; 1% risk of failure)
Confirm with . or Enter, or press ? or * to list all spells.
You ignite the poison in your surroundings!
The gargoyle hurls a stone arrow at you.
The stone arrow misses you. The gargoyle closely misses you.
You hit the gargoyle but do no damage. You grab the gargoyle.
You squeeze the gargoyle, but do no damage.
The gargoyle is lightly damaged.
You constrict the gargoyle, but do no damage.
The gargoyle hurls a stone arrow at you.
The stone arrow hits you!
You hit the gargoyle but do no damage.
The gargoyle is lightly damaged.
You constrict the gargoyle, but do no damage.
The gargoyle hits you with a +0 mace!!
You hit the gargoyle but do no damage.
The gargoyle is lightly damaged.
You constrict the gargoyle, but do no damage.
The gargoyle hits you with a +0 mace!!
You release your grip on the gargoyle.
The gargoyle hurls a stone arrow at you.
The stone arrow misses you.
The gargoyle hurls a stone arrow at you.
The stone arrow hits you!!
* * * LOW HITPOINT WARNING * * *
The gargoyle hurls a stone arrow at you.
The stone arrow hits you!!
You die...

. #. ### ####.####### #..
...........# #.. ...........#####..
..........<....#..
...........###.'.. ...........#
###.. ....^......# #.. ######.####
#.. #..# #.. #.## ### ######.##
#######+#### #.......####
...........##### #..........#######
..........@'^^.# #.......##.....#..
..(.?......###.###.....(.######.#..
.......9...# #..##.......# #....
...........# ##.##.......# ###..
...........# #..........# #..
############ ####......<# #..
######### ###


You could see a gargoyle.

Vanquished Creatures
  Kirke (D:12)
  Harold (D:11)
  3 ogre magi (Orc:2)
  14 two-headed ogres
  A centaur warrior (D:13)
  A death knight (D:12)
  4 deep elf knights (Elf:1)
  2 deep trolls (Orc:2)
  Pikel (D:8)
  4 deep elf zephyrmancers (Elf:1)
  An orc sorcerer (Orc:2)
  5 cyclopes
  Maurice (D:8)
  Joseph (D:8)
  2 unseen horrors
  12 trolls
  An air elemental (Elf:1)
  A wyvern (D:7)
  A vampire (D:12)
  4 wraiths
  2 humans (D:12)
  12 yaks
  3 basilisks (D:8)
  A steam dragon (D:7)
  4 hogs (D:12)
  7 vampire mosquitoes
  2 wargs (Orc:2)
  An acid dragon (D:12)
  6 water moccasins
  A swamp drake (D:11)
  6 black bears
  11 orc warriors
  A necrophage (D:5)
  23 ogres
  A wolf (D:8)
  2 centaurs
  5 elf zombies
  2 lemures (D:8)
  2 kobold brigands
  A bullfrog (D:6)
  A scorpion (D:8)
  A gnoll sergeant (D:9)
  A wyvern zombie (D:7)
  2 water moccasin skeletons
  9 killer bees (D:9)
  5 wights (D:8)
  6 howler monkeys
  3 jellies
  7 centaur zombies
  4 hounds
  A human skeleton (D:8)
  12 orc priests
  2 centaur skeletons
  3 iguanas
  Jessica (D:2)
  A bullfrog skeleton (D:7)
  13 orc wizards
  A hound skeleton (D:5)
  2 mummies (Ossuary)
  A howler monkey zombie (D:6)
  5 gnolls (D:9)
  8 adders
  A shadow imp (D:7)
  A white imp (D:7)
  An ufetubus (D:4)
  2 adder skeletons (D:4)
  2 adder zombies (Ossuary)
  3 dart slugs
  48 orcs
  4 ball pythons
  4 bats
  11 endoplasms
  3 giant cockroaches
  4 goblins
  6 hobgoblins
  4 jackals (D:4)
  4 quokkas
  2 frilled lizards (D:2)
  2 goblin zombies (Ossuary)
  14 hobgoblin zombies (Ossuary)
  A jackal zombie (Ossuary)
  20 kobolds
  5 kobold zombies (Ossuary)
  3 orc skeletons (D:8)
  8 orc zombies
  5 rats
  A rat zombie (Ossuary)
402 creatures vanquished.

Vanquished Creatures (others)
  A bush (D:8)
  4 fungi (D:8)
  29 plants
34 creatures vanquished.

Grand Total: 436 creatures vanquished

Notes
Turn   | Place    | Note
-------+----------+-------------------------------------------
     0 | D:1      | petzl the Octopode Arcane Marksman began the quest for the
                  | Orb.
     0 | D:1      | Reached XP level 1. HP: 13/13 MP: 2/2
   108 | D:1      | Reached XP level 2. HP: 18/18 MP: 3/3
   251 | D:1      | Reached skill level 1 in Stealth
   322 | D:1      | Found a faded altar of an unknown god.
  1112 | D:2      | Reached XP level 3. HP: 18/23 MP: 5/5
  1177 | D:2      | Noticed Jessica
  1185 | D:2      | Killed Jessica
  1462 | D:2      | Reached XP level 4. HP: 14/29 MP: 2/6
  2895 | D:3      | Found Etyneh's General Store.
  2901 | D:3      | Reached XP level 5. HP: 34/34 MP: 6/8
  2904 | D:3      | Bought a scroll of enchant weapon for 82 gold pieces
  3244 | D:3      | Found Jiepli Jivu's Antique Weapon Shoppe.
  3271 | D:3      | Found Pazeck's Armour Shop.
  3301 | D:3      | Found Enaytebrod's Armour Emporium.
  3495 | D:3      | Found Sigu Pibb's Magic Scroll Boutique.
  3511 | D:3      | Bought a scroll of identify for 24 gold pieces
  4912 | D:4      | Noticed a black bear
  5027 | D:5      | Entered Level 5 of the Dungeon
  5188 | D:5      | Reached XP level 6. HP: 9/41 MP: 9/9
  5749 | D:4      | Identified the +1 helmet of Wantoihoo {Will- Dex+7}
  5765 | D:5      | Reached skill level 1 in Evocations
  6080 | D:5      | Noticed a black bear
  6166 | D:6      | Noticed a water moccasin
  6615 | D:5      | Reached XP level 7. HP: 18/45 MP: 5/11
  7001 | D:3      | Bought a runed rapier for 112 gold pieces
  8196 | D:5      | Reached XP level 8. HP: 36/52 MP: 12/14
  8487 | D:6      | Reached skill level 5 in Stealth
  9156 | D:6      | Reached skill level 5 in Spellcasting
 10270 | D:7      | Reached XP level 9. HP: 53/59 MP: 15/17
 10510 | D:7      | Found a staircase to the Ecumenical Temple.
 10523 | Temple   | Entered the Ecumenical Temple
 10535 | Temple   | Became a worshipper of Vehumet
 10581 | D:7      | Found a glowing golden altar of the Shining One.
 10775 | D:7      | Reached skill level 5 in Fighting
 11051 | D:3      | Bought a scroll of identify for 24 gold pieces
 11051 | D:3      | Identified a scroll of acquirement
 11449 | D:7      | Learned a level 2 spell: Poisonous Vapours
 11454 | D:7      | Learned a level 4 spell: Olgreb's Toxic Radiance
 11945 | D:7      | Reached skill level 1 in Air Magic
 11945 | D:7      | Reached skill level 1 in Poison Magic
 12281 | D:8      | Found a sand-covered staircase.
 12342 | Ossuary  | Entered an ossuary
 12360 | Ossuary  | Reached * piety under Vehumet
 12360 | Ossuary  | Offered knowledge of Shock by Vehumet.
 12365 | Ossuary  | Learned a level 1 spell: Shock
 12582 | Ossuary  | Offered knowledge of Scorch by Vehumet.
 12604 | Ossuary  | Reached ** piety under Vehumet
 12728 | D:8      | Reached skill level 1 in Conjurations
 12960 | D:8      | Noticed Joseph
 13075 | D:8      | Reached XP level 10. HP: 39/68 MP: 9/20
 13698 | D:8      | Found a staircase to the Lair.
 14152 | D:9      | Offered knowledge of Mephitic Cloud by Vehumet.
 14317 | D:9      | Learned a level 3 spell: Mephitic Cloud
 15569 | D:9      | Noticed a two-headed ogre
 15588 | D:9      | Killed a two-headed ogre
 15775 | D:10     | Entered Level 10 of the Dungeon
 15775 | D:10     | Noticed a boulder beetle
 15797 | D:10     | Reached *** piety under Vehumet
 16089 | D:10     | Reached skill level 5 in Conjurations
 16097 | D:10     | Reached skill level 10 in Stealth
 16097 | D:10     | Reached XP level 11. HP: 50/75 MP: 13/22
 16312 | D:10     | Noticed an orange crystal statue
 16483 | D:11     | Noticed Harold
 16546 | D:11     | Noticed an eight-headed hydra
 16636 | D:10     | Noticed a centaur warrior
 17456 | D:11     | Noticed a two-headed ogre
 17477 | D:11     | Killed a two-headed ogre
 17702 | D:8      | Offered knowledge of Ignite Poison by Vehumet.
 18467 | D:8      | Reached **** piety under Vehumet
 18578 | Lair:1   | Entered Level 1 of the Lair of Beasts
 18591 | Lair:1   | Noticed a death yak
 18865 | D:7      | Learned a level 3 spell: Ignite Poison
 19024 | D:3      | Bought a scroll of teleportation for 36 gold pieces
 19028 | D:3      | Acquired Laiger's Disquisition on Displacement and Calling
 19033 | D:3      | Learned a level 2 spell: Blink
 19038 | D:3      | Learned a level 4 spell: Passage of Golubria
 19209 | D:8      | Killed Joseph
 19210 | D:8      | Reached skill level 1 in Translocations
 19236 | D:8      | Noticed Maurice
 19501 | D:8      | Found Digualidgh's Magic Scroll Shoppe.
 19515 | D:8      | Killed Maurice
 19516 | D:8      | Reached skill level 1 in Transmutations
 19516 | D:8      | Reached skill level 1 in Fire Magic
 19690 | D:8      | Noticed Pikel
 19699 | D:8      | Killed Pikel
 19735 | D:8      | Offered knowledge of Frozen Ramparts by Vehumet.
 20057 | D:8      | Bought a scroll of identify for 30 gold pieces
 20345 | D:10     | Noticed a two-headed ogre
 20350 | D:10     | Noticed a two-headed ogre
 20970 | D:12     | Noticed a two-headed ogre
 20990 | D:12     | Killed a two-headed ogre
 21231 | D:11     | Got the Guide on the Glacier and Summoning
 21372 | D:11     | Found a staircase to the Orcish Mines.
 21452 | Orc:1    | Entered Level 1 of the Orcish Mines
 21580 | Orc:1    | Reached skill level 5 in Poison Magic
 21580 | Orc:1    | Reached XP level 12. HP: 73/83 MP: 4/24
 21943 | Orc:1    | Reached skill level 5 in Translocations
 22316 | Orc:2    | Entered Level 2 of the Orcish Mines
 22326 | Orc:2    | Reached ***** piety under Vehumet
 22482 | Orc:2    | Offered knowledge of Lee's Rapid Deconstruction by Vehumet.
 22756 | Orc:2    | Noticed a two-headed ogre
 22758 | Orc:2    | Noticed a two-headed ogre
 22763 | Orc:2    | Killed a two-headed ogre
 22765 | Orc:2    | Killed a two-headed ogre
 22918 | Orc:2    | Noticed an ogre mage
 22923 | Orc:2    | Killed an ogre mage
 23561 | Orc:2    | Noticed a two-headed ogre
 23732 | Orc:2    | Found a staircase to the Elven Halls.
 23856 | Orc:2    | Killed a two-headed ogre
 23964 | Orc:2    | Noticed a two-headed ogre
 23978 | Orc:2    | Killed a two-headed ogre
 24053 | Orc:2    | Reached skill level 5 in Air Magic
 24120 | Orc:2    | Noticed a two-headed ogre
 24141 | Orc:2    | Killed a two-headed ogre
 24379 | Orc:2    | Noticed a two-headed ogre
 24385 | Orc:2    | Killed a two-headed ogre
 24387 | Orc:2    | Noticed a two-headed ogre
 24401 | Orc:2    | Killed a two-headed ogre
 24478 | Orc:2    | Noticed a two-headed ogre
 24499 | Orc:2    | Killed a two-headed ogre
 24680 | Orc:2    | Reached XP level 13. HP: 90/90 MP: 23/26
 25488 | Orc:2    | Found Zogixyus's Antique Armour Emporium.
 25489 | Orc:2    | Found Qoevvule's Antique Weapon Emporium.
 25516 | Orc:2    | Paralysed by an ogre mage for 5 turns
 26072 | Orc:2    | Found Zampog's Weapon Shop.
 26081 | Orc:2    | Found Etsuo's Weapon Shoppe.
 26132 | Orc:2    | Bought a smoking scimitar for 261 gold pieces
 26132 | Orc:2    | Identified the +6 scimitar of Bloodstone {speed, rF+ Will++
                  | Int+2 Stlth+} (You bought it in a shop on level 2 of the
                  | Orcish Mines)
 26202 | Elf:1    | Entered Level 1 of the Elven Halls
 26829 | Elf:1    | Paralysed by an air elemental for 1 turns
 27587 | D:11     | Killed Harold
 27588 | D:11     | Reached skill level 10 in Fighting
 27588 | D:11     | Reached skill level 10 in Conjurations
 27999 | D:12     | Reached skill level 5 in Crossbows
 28018 | D:12     | Noticed Kirke
 28026 | D:12     | Killed Kirke
 28269 | D:12     | Found a broken altar of Ashenzari.
 29165 | D:13     | Reached skill level 5 in Evocations
 29302 | D:13     | Killed from afar by a gargoyle

Illustrated notes

Levels and vault maps discovered:
D:1:      dpeg_arrival_line_fractal, layout_basic, serial_bayou,
          serial_bayou_crossing, serial_bayou_ford_a, serial_bayou_shore_a,
          serial_bayou_pond_c, serial_bayou_lake_a, serial_bayou_shore_b,
          chequers_ecumenical_altar_island, minmay_pentomino_x2
D:2:      layout_loops_ring, uniq_jessica
D:3:      layout_loops_ring, serial_shops, nicolae_shop_hallway_stairs, shop,
          nicolae_shop_stone, nicolae_diamond_shop,
          nicolae_shop_advertising_works [nicolae_subvault_shop_adworks],
          hangedman_decor_riveting, minmay_misc_feat_pillars
D:4:      layout_gridville, supply_closet_lemuel
D:5:      layout_basic
D:6:      layout_gridville, minmay_tree_intersection, minmay_crystal_room,
          st_stairs_4
D:7:      layout_loops_ring, tso_metal_star, minmay_temple_entry_waves
D:8:      layout_gridville, minmay_lair_entry_grove,
          nicolae_ossuary_entry_catacombs, serial_shops, kennysheep_mini,
          uniq_pikel, uniq_maurice, uniq_joseph
D:9:      layout_layer_cave
D:10:     layout_basic, minivault_15, minmay_misc_feat_alley
D:11:     layout_loops_ring, erik_orc_1, uniq_harold
D:12:     layout_basic, trove_entry_hex_spiral, ashenzari_altar_1, uniq_kirke
D:13:     layout_roguey, serial_shops, nicolae_shop_competitors_out_of_business
Temple:   dpeg_three_leaves_temple
Lair:1:   layout_hall_layers, portal_ice_cave_entry_pillars_2,
          hangedman_lair_generics_rect
Orc:1:    layout_diamond_mine, mines1_david
Orc:2:    st_orc_open, layout_diamond_mine
Elf:1:    layout_rooms, serial_shops, shop, kennysheep_underground_church,
          st_stairs_2

Skill      XL: |  1  2  3  4  5  6  7  8  9 10 11 12 13 |
---------------+----------------------------------------+-----
Stealth        | 1 2 3 4 6 8 10 | 10.8
Fighting       | 2 3 4 5 7 8 9 10 | 10.2
Spellcasting   | 2 3 4 5 6 7 8 9 |  9.9
Crossbows      | 3 4 5 |  5.4
Dodging        | 3 4 |  4.0
Evocations     | 1 2 3 5 |  5.0
Air Magic      | 3 4 5 7 |  7.0
Poison Magic   | 4 5 6 7 |  7.0
Conjurations   | 1 5 6 8 10 | 10.4
Translocations | 4 6 |  6.0
Transmutations | 2 |  2.0
Fire Magic     | 2 |  2.0
Hexes          | |  3.0

Action                   |  1- 3 |  4- 6 |  7- 9 | 10-12 | 13-15 || total
-------------------------+-------+-------+-------+-------+-------++-------
Melee: Short sword       |    22 |    68 |       |       |       ||    90
       Constrict         |     6 |    29 |    39 |    12 |     7 ||    93
       Tentacles         |     3 |    19 |    36 |    16 |     6 ||    80
       Dagger            |       |    70 |       |       |       ||    70
       Rapier            |       |       |   181 |   106 |       ||   287
       Scimitar          |       |       |       |       |    27 ||    27
 Fire: Hand crossbow     |    38 |    38 |   172 |   160 |    31 ||   439
Throw: Dart              |       |       |     5 |    10 |       ||    15
       Throwing net      |       |       |     1 |       |     1 ||     2
 Cast: Slow              |     3 |    14 |    76 |    39 |       ||   132
       Olgreb's Toxic Ra |       |       |     3 |   144 |    57 ||   204
       Poisonous Vapours |       |       |     1 |       |       ||     1
       Ignite Poison     |       |       |       |    58 |    56 ||   114
       Mephitic Cloud    |       |       |       |    25 |    17 ||    42
       Blink             |       |       |       |     5 |     1 ||     6
       Passage of Golubr |       |       |       |     2 |     3 ||     5
       Shock             |       |       |       |     1 |       ||     1
Evoke: Wand              |       |     1 |       |     6 |     1 ||     8
  Use: Scroll            |       |     3 |     6 |     4 |     2 ||    15
       Potion            |       |       |     4 |     2 |       ||     6
 Stab: Sleeping          |     2 |    15 |     4 |     1 |       ||    22
       Paralysed         |       |     2 |       |     1 |       ||     3
       Confused          |       |       |       |     1 |       ||     1
Armor: Skin              |       |     7 |    67 |    36 |       ||   110
Dodge: Dodged            |    16 |    77 |   115 |   121 |    31 ||   360

Table legend: (Time is in decaauts)
 A = Elapsed time spent in this place.
 B = Non-inter-level travel time spent in this place.
 C = Inter-level travel time spent in this place.
 D = Time resting spent in this place.
 E = Time spent auto-exploring this place.
 F = Levels seen in this place.
 G = Mean time per level.
                   A        B        C        D        E       F      G
               +--------+--------+--------+--------+--------+-----+--------+
         Total |  29505 |  26534 |   2971 |  11212 |   8173 |  19 | 1552.9 |
       Dungeon |  23194 |  20439 |   2755 |   7750 |   7325 |  13 | 1784.2 |
        Temple |     24 |      6 |     18 |      0 |      1 |   1 |   24.0 |
          Lair |     13 |     13 |      0 |      0 |      0 |   1 |   13.0 |
  Orcish Mines |   5840 |   5642 |    198 |   3460 |    847 |   2 | 2920.0 |
   Elven Halls |     53 |     53 |      0 |      0 |      0 |   1 |   53.0 |
       Ossuary |    377 |    377 |      0 |      2 |      0 |   1 |  377.0 |
               +--------+--------+--------+--------+--------+-----+--------+

Top non-repeatable levels by time:
   Orc:2: 4054 daAuts
     D:5: 3109 daAuts
     D:8: 2731 daAuts
     D:9: 2515 daAuts
    D:11: 2377 daAuts
     D:7: 2176 daAuts
     D:4: 2091 daAuts
   Orc:1: 1786 daAuts
     D:2: 1687 daAuts
     D:6: 1599 daAuts
     D:3: 1416 daAuts
    D:12: 1269 daAuts
     D:1: 1122 daAuts
    D:10: 841 daAuts
 Ossuary: 377 daAuts
